 Dungeon Crawl Stone Soup version 0.29-a0-352-g0917bc69df (webtiles) character file.

Game seed: 665410945927331292

21653 Morbidden the Cleaver (level 12, -4/106 HPs)
             Began as a Minotaur Fighter on Apr 24, 2022.
             Was the Champion of Cheibriados.
             Slain by a six-headed hydra (6 damage)
             ... on level 4 of the Lair of Beasts.
             The game lasted 00:25:13 (14793 turns).

Morbidden the Cleaver (Minotaur Fighter)           Turns: 14793, Time: 00:25:14

Health: -4/106     AC: 14    Str: 44    XL:     12   Next: 56%
Magic:  17/17      EV: 13    Int: 26    God:    Cheibriados [******]
Gold:   789        SH: 19    Dex: 26    Spells: 14/20 levels left

rFire   + . .      SeeInvis +   b - +7 morningstar of Forgiveness {flame, rPois Str+4}
rCold   + + +      Faith    .   c - +2 tower shield {rC+}
rNeg    . . .      Spirit   .   G - +2 chain mail {rC+}
rPois   +          Reflect  .   (helmet restricted)
rElec   .          Harm     .   Y - scarf {rC+ rF+}
rCorr   .          Rampage  .   (no gloves)
Will    .....                   I - +0 pair of boots
Stlth   ..........              u - amulet of regeneration
HPRegen 1.07/turn               n - +6 ring of intelligence
MPRegen 0.15/turn               y - ring of see invisible

@: slowed, very slow
A: horns 2, retaliatory headbutt
a: Renounce Religion, Bend Time, Temporal Distortion, Slouch, Step From Time


You were on level 4 of the Lair of Beasts.
You worshipped Cheibriados.
Cheibriados was exalted by your worship.
You visited 2 branches of the dungeon, and saw 14 of its levels.
You also visited: Bailey and Ice Cave.

You collected 1112 gold pieces.
You spent 323 gold pieces at shops.

Inventory:

Hand Weapons
 a - a +1 antimagic broad axe
 b - the +7 morningstar of Forgiveness (weapon) {flame, rPois Str+4}
   (You found it in a bailey)

   It burns those it strikes, dealing additional fire damage.
   Str:       It affects your strength (+4).
   rPois:     It protects you from poison.
 f - a +2 battleaxe of freezing
 j - a +1 broad axe
Missiles
 e - 2 throwing nets
 l - 18 poisoned darts (quivered)
 o - 2 silver javelins
 v - 2 javelins
 B - 10 boomerangs
 J - a curare-tipped dart
Armour
 c - a +2 tower shield of cold resistance (worn)
 D - a +2 plate armour of poison resistance
 E - a scarf of repulsion
 F - the +3 chain mail of Privacy {+Inv rF++ Int+3}
   (You found it on level 8 of the Dungeon)

   Int:       It affects your intelligence (+3).
   rF:        It greatly protects you from fire.
   +Inv:      It lets you turn invisible.
 G - a +2 chain mail of cold resistance (worn)
 I - a +0 pair of boots (worn)
 M - the +2 scale mail "Xouha" {*Corrode Int+5 Dex+7}
   (You found it in a bailey)

   Int:       It affects your intelligence (+5).
   Dex:       It affects your dexterity (+7).
   *Corrode:  It may corrode you when you take damage.
 Y - a scarf of resistance (worn)
Jewellery
 n - a +6 ring of intelligence (left hand)
 u - an amulet of regeneration (around neck)
 y - a ring of see invisible (right hand)
 O - an amulet of reflection
 S - a ring of ice
Wands
 p - a wand of mindburst (6)
 x - a wand of flame (19)
 C - a wand of polymorph (6)
 Q - a wand of iceblast (12)
Scrolls
 g - 2 scrolls of amnesia
 h - a scroll of teleportation
 q - 4 scrolls of magic mapping
 s - 2 scrolls of enchant armour
 L - a scroll of fear
 N - 11 scrolls of identify
 R - 3 scrolls of enchant weapon
 U - a scroll of summoning {unknown}
 V - a scroll of brand weapon {unknown}
Potions
 d - 3 potions of might
 i - a potion of cancellation
 k - a potion of mutation
 m - a potion of ambrosia
 r - 2 potions of invisibility
 t - a potion of brilliance
 w - 4 potions of resistance
 z - 3 potions of magic
 A - 4 potions of curing
 H - a potion of degeneration {unknown}
 K - 3 potions of heal wounds
 P - 2 potions of lignification
 W - a potion of berserk rage
 Z - a potion of haste
Miscellaneous
 T - a lightning rod (4/4)
 X - a condenser vane


   Skills:
 * Level 10.1 Fighting
 * Level 14.4(15.0) Axes
 * Level 6.7(11.4) Maces & Flails
 + Level 1.6 Throwing
 + Level 8.8 Armour
 * Level 8.1 Dodging
 + Level 0.9 Stealth
 + Level 6.1 Shields
 * Level 4.5 Spellcasting
 * Level 1.5 Conjurations
 * Level 1.0 Fire Magic
 * Level 5.0 Invocations
 * Level 2.7 Evocations


You had 14 spell levels left.
You knew the following spells:

 Your Spells              Type           Power      Damage    Failure   Level
a - Scorch                Fire           22%        2d6       90%         2
b - Flame Wave            Conj/Fire      12%        2d6       100%        4

Your spell library contained the following spells:

 Spells                   Type           Power      Damage    Failure   Level
 Apportation              Tloc           10%        N/A       91%         1
 Corpse Rot               Necr/Air       10%        N/A       97%         2
 Poisonous Vapours        Pois/Air       10%        N/A       97%         2
 Sublimation of Blood     Necr           5%         N/A       97%         2
 Wereblood                Tmut           5%         N/A       97%         2
 Gell's Gravitas          Tloc           5%         N/A       99%         3
 Lesser Beckoning         Tloc           5%         N/A       99%         3
 Teleport Other           Tloc           5%         N/A       99%         3
 Animate Dead             Necr           2%         N/A       100%        4
 Fulminant Prism          Conj/Hex       4%         3d6       100%        4
 Iskenderun's Mystic Bla  Conj/Tloc      9%         2d4       100%        4
 Summon Ice Beast         Ice/Summ       5%         N/A       100%        4
 Alistair's Intoxication  Tmut/Pois      3%         N/A       100%        5
 Borgnjor's Vile Clutch   Necr/Erth      2%         N/A       100%        5
 Lee's Rapid Deconstruct  Erth           2%         3d6*      100%        5
 Summon Forest            Summ/Tloc      2%         N/A       100%        5
 Conjure Ball Lightning   Conj/Air       4%         3x3d6     100%        6
 Death Channel            Necr           2%         N/A       100%        6
 Summon Cactus Giant      Summ           2%         N/A       100%        6
 Malign Gateway           Summ/Tloc      2%         N/A       100%        7
 Summon Hydra             Summ           2%         N/A       100%        7
 Discord                  Hex            2%         N/A       100%        8
 Disjunction              Tloc           2%         N/A       100%        8
 Fire Storm               Conj/Fire      6%         8d2       100%        9


Dungeon Overview and Level Annotations

Branches:
Dungeon (10/15)            Temple (0/1) D:5            Lair (4/6) D:8
  Swamp (0/4) Lair:4       Spider (0/4) Lair:4          Orc (0/2) D:9
 Bailey (visited)           IceCv (visited)

Altars:
Cheibriados
Dithmenos
Elyvilon
Fedhas
Hepliaklqana
Kikubaaqudgha
Okawaru
Qazlal
Yredelemnul
Zin
The Shining One
Beogh

Shops:
D:4 *   D:5 [([   D:7 *

Annotations:
Lair:1 exclusion: 3 oklob plants


Innate Abilities, Weirdness & Mutations

You have a pair of horns on your head.
You reflexively headbutt those who attack you in melee.


Message History

The six-headed hydra barely misses you.
The six-headed hydra closely misses you.
The six-headed hydra misses you.
You block the six-headed hydra's attack. x2
The six-headed hydra bites you!
You block the six-headed hydra's attack.
The six-headed hydra bites you but does no damage.
The six-headed hydra bites you.
The six-headed hydra bites you but does no damage.
The six-headed hydra bites you. The six-headed hydra misses you.
The six-headed hydra bites you.
The six-headed hydra bites you but does no damage.
A six-headed hydra is nearby!
You sock the six-headed hydra! You burn the six-headed hydra.
The six-headed hydra is moderately wounded.
The six-headed hydra barely misses you.
You block the six-headed hydra's attack.
The six-headed hydra bites you!
You block the six-headed hydra's attack.
The six-headed hydra bites you! The six-headed hydra misses you.
The six-headed hydra bites you but does no damage.
The six-headed hydra bites you! The six-headed hydra misses you. x2
The six-headed hydra bites you.
The six-headed hydra bites you but does no damage.
You are too injured to fight recklessly!
Unknown command.
You are too injured to fight recklessly!
Unknown command.
Unknown command.
You bludgeon the six-headed hydra!! You burn the six-headed hydra.
The six-headed hydra is severely wounded.
The six-headed hydra bites you!
* * * LOW HITPOINT WARNING * * *
You block the six-headed hydra's attack.
The six-headed hydra bites you!
* * * LOW HITPOINT WARNING * * *
The six-headed hydra bites you!
* * * LOW HITPOINT WARNING * * *
The six-headed hydra bites you.
You die...

**,,,* *##...§≈≈§.#......# **** *
,,,,** *..§§≈≈§§≈.......###*,,***
,,,,,* *...§≈≈§§§..........,,,*,#
***,****.#..♣♣♣§§§.P.....P.,,,,,.
,*,,,,,,.#...≈§♣§.#..##....,,,,,.
***,*,,,.........P##.#.....,,,,,.
**,,,,,,....###...#P.......**,,,,
,,,,,,,,................,,***,,,,
,,,,,,,,.....PPP@?.#......,,,,,,,
,,,,,**,###....D..........***,,,*
,,,,,**** ##..#...P..#....^*,,,,,
,,,,<**,**#.#...........,,,,,,,,,
,,,,,,,,,...........#P.#*,,,,,,,,
,,,*****P...#.#PP...####*,,,,,,,,
***,* *#....######## *,,,,,,,,
*** *,,,.#* **,*****, *,*,** ***
**


You could see a six-headed hydra.

Vanquished Creatures
  Fannar (D:10)
  A two-headed ogre (D:8)
  3 bog bodies
  A deep elf pyromancer (Bailey)
  A cyclops (D:8)
  A manticore (D:8)
  4 black mambas
  A torpor snail (Lair:2)
  An ice statue (IceCv)
  A kobold demonologist (D:8)
  5 cane toads
  A freezing wraith (IceCv)
  4 komodo dragons
  A rime drake (Lair:2)
  An anaconda simulacrum (IceCv)
  3 trolls
  A wind drake (Bailey)
  A hornet (D:8)
  Grinder (D:4)
  A slime creature (Lair:2)
  2 wraiths
  3 wyverns (D:9)
  2 dire elephant simulacra (IceCv)
  20 yaks
  Eustachio (D:4)
  2 basilisks
  Menkaure (D:4)
  3 death yak simulacra (IceCv)
  3 water moccasins
  8 orc warriors
  A sky beast (D:7)
  4 black bears
  An ice beast (D:6)
  5 centaurs
  6 wolves (Lair:3)
  An ogre (D:5)
  2 kobold brigands
  4 bullfrogs
  8 two-headed ogre simulacra (IceCv)
  A necrophage (D:4)
  2 scorpions
  8 wights
  An elephant simulacrum (IceCv)
  2 killer bees (D:8)
  4 howler monkeys
  3 vampire bats (D:6)
  An electric eel (Lair:2)
  2 hounds (D:5)
  11 jellies
  4 orc priests
  2 gnoll shamans
  10 iguanas
  11 orc wizards
  2 polar bear simulacra (IceCv)
  5 spriggan simulacra (IceCv)
  7 troll simulacra (IceCv)
  2 wolf simulacra (IceCv)
  7 gnolls
  11 adders
  7 naga simulacra (IceCv)
  3 shadow imps
  5 white imps
  4 ufetubi
  2 worms
  2 dart slugs (D:4)
  45 orcs
  2 bat skeletons (D:6)
  4 bat zombies (D:6)
  25 endoplasms
  4 giant cockroaches
  9 goblins
  10 hobgoblins
  7 jackals
  2 quokkas (D:4)
  9 ball pythons
  5 bats
  3 frilled lizards
  9 kobolds
  5 rats
  A spectral hobgoblin (D:6)
  A spectral orc (D:6)
371 creatures vanquished.

Vanquished Creatures (others)
  11 fungi
  9 plants
20 creatures vanquished.

Grand Total: 391 creatures vanquished

Notes
Turn   | Place    | Note
-------+----------+-------------------------------------------
     0 | D:1      | Morbidden the Minotaur Fighter began the quest for the Orb.
     0 | D:1      | Reached XP level 1. HP: 19/19 MP: 0/0
   118 | D:1      | Reached XP level 2. HP: 26/27 MP: 1/1
   729 | D:1      | Found a faded altar of an unknown god.
   993 | D:2      | Reached XP level 3. HP: 33/33 MP: 2/2
  1012 | D:2      | Reached skill level 3 in Axes
  1099 | D:2      | Reached skill level 1 in Dodging
  1106 | D:2      | Reached XP level 4. HP: 6/40 MP: 3/3
  1997 | D:3      | Found a shadowy altar of Dithmenos.
  2244 | D:3      | Reached skill level 4 in Axes
  2709 | D:3      | Found a snail-covered altar of Cheibriados.
  2863 | D:3      | Became a worshipper of Cheibriados the Contemplative
  2923 | D:4      | Reached XP level 5. HP: 41/47 MP: 3/5
  3030 | D:4      | Noticed Grinder
  3031 | D:4      | Noticed a black bear
  3038 | D:4      | Killed a black bear
  3039 | D:4      | Reached skill level 5 in Axes
  3039 | D:4      | Reached skill level 1 in Spellcasting
  3039 | D:4      | Paralysed by Grinder for 6 turns
  3047 | D:4      | HP: 2/47 [quokka (2)]
  3067 | D:4      | Killed Grinder
  3068 | D:4      | Reached XP level 6. HP: 20/55 MP: 5/7
  3340 | D:4      | Found Isamock's General Store.
  3340 | D:4      | Noticed Eustachio
  3373 | D:4      | Killed Eustachio
  3374 | D:4      | Reached skill level 5 in Fighting
  3374 | D:4      | Reached skill level 6 in Axes
  3374 | D:4      | Reached XP level 7. HP: 29/61 MP: 8/8
  3586 | D:4      | Reached skill level 5 in Armour
  3658 | D:4      | Noticed Menkaure
  3663 | D:4      | Killed Menkaure
  3750 | D:4      | Reached skill level 7 in Axes
  4175 | D:4      | Reached * piety under Cheibriados
  4616 | D:5      | Entered Level 5 of the Dungeon
  4639 | D:5      | Reached XP level 8. HP: 21/69 MP: 9/9
  4983 | D:5      | Got the Catalogue of Supportive Flames
  4985 | D:5      | Found Mopaal's Antique Weapon Boutique.
  5008 | D:5      | Found an iron altar of Okawaru.
  5075 | D:5      | Found Verreff's Antique Armour Boutique.
  5220 | D:5      | Found a staircase to the Ecumenical Temple.
  5303 | D:5      | Found Qatoeli's Armour Shoppe.
  5314 | D:5      | Bought a +1 chain mail of cold resistance for 231 gold
                  | pieces
  5389 | D:5      | Reached ** piety under Cheibriados
  5404 | D:5      | Reached skill level 8 in Axes
  5418 | D:5      | Got the Volume of Weightlessness and Orientation
  5537 | D:5      | Bought a broad axe for 92 gold pieces
  5866 | D:6      | Found a basalt altar of Yredelemnul.
  6033 | D:6      | Found an ancient bone altar of Kikubaaqudgha.
  6150 | D:6      | Reached skill level 5 in Dodging
  6201 | D:6      | Reached XP level 9. HP: 76/78 MP: 11/11
  6204 | D:6      | Reached *** piety under Cheibriados
  6205 | D:6      | Reached skill level 9 in Axes
  6211 | D:6      | Found a white marble altar of Elyvilon.
  6312 | D:6      | Found a glowing golden altar of the Shining One.
  6405 | D:6      | Found a hazy altar of Hepliaklqana.
  6826 | D:7      | Reached skill level 5 in Shields
  7104 | D:7      | Found a blossoming altar of Fedhas.
  7258 | D:7      | Found Yptenlyshri's Gadget Gallery.
  7515 | D:8      | Found a stormy altar of Qazlal.
  7673 | D:8      | Found a staircase to the Lair.
  7698 | D:8      | Reached **** piety under Cheibriados
  7888 | D:8      | Reached skill level 10 in Axes
  7893 | D:8      | Identified the +3 chain mail of Privacy {+Inv rF++ Int+3}
  8294 | D:8      | Noticed a manticore
  8294 | D:8      | Noticed a cyclops
  8307 | D:8      | Noticed a kobold demonologist
  8308 | D:8      | Killed a manticore
  8310 | D:8      | Reached XP level 10. HP: 25/88 MP: 13/13
  8541 | D:8      | Reached skill level 11 in Axes
  8544 | D:8      | Reached skill level 1 in Invocations
  8552 | D:8      | Noticed a two-headed ogre
  8560 | D:8      | Killed a two-headed ogre
  8593 | D:8      | HP: 2/88 [cyclops (28)]
  8607 | D:8      | Killed a cyclops
  8608 | D:8      | Reached skill level 1 in Throwing
  8725 | D:8      | Noticed a soul eater
  8879 | D:9      | Reached skill level 12 in Axes
  8910 | D:9      | Found a flagged portal.
  8916 | Bailey   | Entered a bailey
  8971 | Bailey   | Reached ***** piety under Cheibriados
  8998 | Bailey   | Noticed an orc knight
  9007 | Bailey   | an orc knight changed into a wind drake
  9115 | Bailey   | Found a large runed translucent door.
  9115 | Bailey   | Found a large runed translucent door.
  9116 | Bailey   | Noticed a deep elf pyromancer
  9165 | Bailey   | Killed a deep elf pyromancer
  9182 | Bailey   | Identified the +7 morningstar of Forgiveness {flame, rPois
                  | Str+4}
  9192 | Bailey   | Identified the +2 scale mail "Xouha" {*Corrode Int+5 Dex+7}
  9358 | D:9      | Found a staircase to the Orcish Mines.
  9456 | D:9      | Reached XP level 11. HP: 95/95 MP: 5/15
  9678 | D:9      | Found a glowing silver altar of Zin.
  9760 | D:9      | Reached skill level 13 in Axes
  9762 | D:9      | Reached skill level 1 in Maces & Flails
 10069 | D:10     | Entered Level 10 of the Dungeon
 10731 | D:10     | Noticed Fannar
 10745 | D:10     | Killed Fannar
 10883 | Lair:1   | Entered Level 1 of the Lair of Beasts
 10995 | Lair:1   | Reached skill level 1 in Evocations
 11007 | Lair:1   | You fall into a shaft and drop 1 floor!
 11227 | Lair:1   | Noticed an oklob plant
 11227 | Lair:1   | Noticed an oklob plant
 11228 | Lair:1   | Paralysed by a floating eye for 2 turns
 11471 | Lair:1   | Noticed an oklob plant
 11619 | Lair:2   | Reached skill level 5 in Maces & Flails
 11762 | Lair:2   | Reached ****** piety under Cheibriados
 11860 | Lair:2   | Learned a level 2 spell: Scorch
 11865 | Lair:2   | Learned a level 4 spell: Flame Wave
 12428 | Lair:3   | Identified the +0 robe "Nupiu" {MP+9 SInv}
 12751 | Lair:3   | Reached XP level 12. HP: 97/106 MP: 5/17
 12803 | Lair:3   | Reached skill level 14 in Axes
 13515 | Lair:4   | Reached skill level 1 in Conjurations
 13525 | Lair:4   | Found a frozen archway.
 13533 | IceCv    | Entered an ice cave
 14310 | IceCv    | Reached skill level 10 in Fighting
 14743 | Lair:4   | Reached skill level 1 in Fire Magic
 14770 | Lair:4   | Found a staircase to the Swamp.
 14777 | Lair:4   | Reached skill level 5 in Invocations
 14789 | Lair:4   | Noticed a six-headed hydra
 14793 | Lair:4   | HP: 2/106 [six-headed hydra (12)]
 14793 | Lair:4   | Slain by a six-headed hydra

Illustrated notes

Levels and vault maps discovered:
D:1:      sevenhm_arrival_forest_fort_large_4, layout_loops_ring,
          dreamdust_ecumenical_altar_hidden_monk_grotto
D:2:      layout_loops_ring
D:3:      layout_loops_ring, overflow_temple_1_default, marbit_many_paths,
          minmay_misc_feat_nine_boxes
D:4:      wad_river_or_something, layout_cave_pools, serial_shops,
          nicolae_shop_competitors_out_of_business, uniq_menkaure,
          uniq_eustachio, uniq_grinder
D:5:      minmay_octagon_keep, layout_rooms, okawaru_gym_becter,
          minmay_temple_entry_slanted, serial_shops, kennysheep_mini,
          nicolae_shop_overgrown_old_shop, nicolae_square_shop
D:6:      layout_loops_ring, kennysheep_vampire_church, elyvilon_altar_3,
          nicolae_hepliaklqana_monster_ancestors,
          yredelemnul_forgotten_temple_becter, mainiacjoe_overflow_alcove_1
D:7:      layout_basic, nicolae_overflow_hidden_temple, nicolae_shop_gadgets
D:8:      minmay_chambers_of_sevens, layout_basic, overflow_temple_1_default,
          lair_entry_dummy
D:9:      layout_roguey, zin_statuary, minmay_orc_entry_temple_small,
          enter_bailey_3, hangedman_decor_diamond_cutter
D:10:     layout_roguey, uniq_fannar
Lair:1:   layout_regular_city, eino_small_chamber_without_monster,
          disabler_island, grunt_megastairs_4, serial_bayou_shore_b,
          lemuel_fruit_fields, lemuel_fruit_tree, serial_bayou_shore_b
Lair:2:   lemuel_slime, layout_regular_city, serial_bayou_lagoon_b,
          infiniplex_staircase_pool_2
Lair:3:   layout_layer_cave
Lair:4:   layout_misc_corridors, skrybe_swamp_entry_bodies,
          nicolae_spider_entry_non_spiders, portal_ice_cave_entry_pillars_2,
          serial_bayou_shore_b

Skill      XL: |  1  2  3  4  5  6  7  8  9 10 11 12 |
---------------+-------------------------------------+-----
Fighting       | 4 5 6 7 8 9 10 | 10.1
Axes           | 3 4 5 6 7 8 10 12 13 14 | 14.4
Dodging        | 1 2 3 5 6 7 8 |  8.1
Armour         | 4 5 6 7 8 |  8.8
Shields        | 4 5 6 |  6.1
Spellcasting   | 1 2 3 4 |  4.5
Invocations    | 3 4 5 |  5.0
Throwing       | 1 |  1.6
Maces & Flails | 5 6 |  6.7
Evocations     | 2 |  2.7
Conjurations   | 1 |  1.5
Fire Magic     | 1 |  1.0
Stealth        | |  0.9

Action                   |  1- 3 |  4- 6 |  7- 9 | 10-12 || total
-------------------------+-------+-------+-------+-------++-------
Melee: War axe           |    68 |   109 |    80 |       ||   257
       Headbutt          |     5 |    13 |    41 |    95 ||   154
       Broad axe         |       |       |   143 |   271 ||   414
       Morningstar       |       |       |       |   119 ||   119
Throw: Throwing net      |       |     1 |       |     2 ||     3
       Dart              |       |     2 |       |    25 ||    27
       Boomerang         |       |       |     5 |       ||     5
Invok: Slouch            |       |       |       |     1 ||     1
Evoke: Wand              |       |       |     4 |     4 ||     8
  Use: Potion            |     2 |     1 |     1 |     4 ||     8
       Scroll            |       |       |    10 |    18 ||    28
Armor: Scale mail        |    40 |    46 |    16 |       ||   102
       Chain mail        |       |       |   101 |   137 ||   238
       Skin              |       |       |       |    10 ||    10
Dodge: Dodged            |    47 |    69 |   140 |   239 ||   495
       Repelled          |       |       |     1 |     4 ||     5
Block: Buckler           |    16 |    23 |    73 |   132 ||   244
       Tower shield      |       |       |       |    19 ||    19

Table legend: (Time is in decaauts)
 A = Elapsed time spent in this place.
 B = Non-inter-level travel time spent in this place.
 C = Inter-level travel time spent in this place.
 D = Time resting spent in this place.
 E = Time spent auto-exploring this place.
 F = Levels seen in this place.
 G = Mean time per level.
                   A        B        C        D        E       F      G
               +--------+--------+--------+--------+--------+-----+--------+
         Total |  20943 |  19657 |   1286 |   1414 |  15074 |  16 | 1308.9 |
       Dungeon |  13737 |  12578 |   1159 |   1129 |   9525 |  10 | 1373.7 |
          Lair |   5058 |   4931 |    127 |      0 |   4334 |   4 | 1264.5 |
        Bailey |    482 |    482 |      0 |     50 |    192 |   1 |  482.0 |
      Ice Cave |   1665 |   1665 |      0 |    235 |   1022 |   1 | 1665.0 |
               +--------+--------+--------+--------+--------+-----+--------+

Top non-repeatable levels by time:
     D:4: 2257 daAuts
  Lair:3: 2060 daAuts
     D:8: 2002 daAuts
   IceCv: 1665 daAuts
  Lair:2: 1614 daAuts
     D:9: 1481 daAuts
     D:6: 1480 daAuts
    D:10: 1291 daAuts
     D:7: 1290 daAuts
  Lair:1: 1117 daAuts
     D:3: 1011 daAuts
     D:1: 1004 daAuts
     D:2: 988 daAuts
     D:5: 929 daAuts
  Bailey: 482 daAuts
